 Dungeon Crawl Stone Soup version bcrawl-1.12-8-g964540c432 (webtiles) character file.

Game seed: 6138594700578333591

18 MisterOstroum the Sneak (level 2, -3/23 HPs)
             Began as a Demonspawn Archaeologist on June 5, 2019.
             Engulfed by a cloud of flame (13 damage)
             ... on level 1 of the Dungeon.
             The game lasted 00:01:51 (828 turns).

MisterOstroum the Sneak (Demonspawn Archaeologist)   Turns: 828, Time: 00:01:51

Health: -3/23      AC: 10    Str: 11    XL:     2   Next: 48%
Magic:  2/2        EV: 11    Int: 15    God:
Gold:   31         SH:  0    Dex: 11    Spells: 1/1 levels left

rFire    . . .     SeeInvis .   j - -1 hand axe (curse)
rCold    . . .     Gourm    .   (no shield)
rNeg     . . .     Faith    .   m - +0 ring mail
rPois    .         Spirit   .   b - +1 hat
rElec    .         Reflect  .   (no cloak)
rCorr    .         Harm     .   d - +1 pair of gloves
MR       .....                  c - +1 pair of boots
Stlth    +.........             (no amulet)
HPRegen  0.07/turn              (no ring)
MPRegen  0.08/turn              (no ring)

@: no status effects
A: horns 1
a: no special abilities


You were on level 1 of the Dungeon.
You were not hungry.

You visited 1 branch of the dungeon, and saw 2 of its levels.

You collected 31 gold pieces.

Inventory:

Hand Weapons
 j - a cursed -1 hand axe (weapon)
Missiles
 h - 99 stones (quivered)
 n - 47 tomahawks
Armour
 a - a +1 robe
 b - a +1 hat (worn)
 c - a +1 pair of boots (worn)
 d - a +1 pair of gloves (worn)
 i - a +0 leather armour
 m - a +0 ring mail (worn)
Potions
 l - a potion of resistance {unknown}
Miscellaneous
 f - an ancient crate
 g - a dusty tome
Comestibles
 e - 3 rations {!d}


   Skills:
 + Level 2.5 Fighting
 - Level 2.6 Dodging
 - Level 3.0 Stealth


You had one spell level left.
You didn't know any spells.
Your spell library was empty.

Dungeon Overview and Level Annotations

Branches:
Dungeon (2/12)

Altars:


Innate Abilities, Weirdness & Mutations

You have a pair of small horns on your head.


Message History

Throwing (i - inventory. (/) - cycle)
h - 108 stones (quivered)
Press: ? - help, Shift-Dir - straight line, f - ooze
Aim: an ooze (resting)
You throw a stone.
The stone hits the ooze but does no damage.
The ooze quivers.
Throwing (i - inventory. (/) - cycle)
h - 107 stones (quivered)
Press: ? - help, Shift-Dir - straight line, f/p - ooze
Aim: an ooze You throw a stone.
The stone hits the ooze but does no damage.
Throwing (i - inventory. (/) - cycle)
h - 106 stones (quivered)
Press: ? - help, Shift-Dir - straight line, f/p - ooze
Aim: an ooze You throw a stone.
The stone hits the ooze.
The ooze is lightly wounded.
Throwing (i - inventory. (/) - cycle)
h - 105 stones (quivered)
Press: ? - help, Shift-Dir - straight line, f/p - ooze
Aim: an ooze (lightly wounded)
You throw a stone. The stone hits the ooze.
The ooze is moderately wounded.
Throwing (i - inventory. (/) - cycle)
h - 104 stones (quivered)
Press: ? - help, Shift-Dir - straight line, f/p - ooze
Aim: an ooze (moderately wounded)
You throw a stone. The stone hits the ooze.
The ooze is moderately wounded.
Throwing (i - inventory. (/) - cycle)
h - 103 stones (quivered)
Press: ? - help, Shift-Dir - straight line, f/p - ooze
Aim: an ooze (moderately wounded)
You throw a stone.
The stone hits the ooze but does no damage.
The ooze is moderately wounded.
You hit the ooze but do no damage.
The ooze is moderately wounded.
The ooze hits you but does no damage. The ooze closely misses you.
You hit the ooze. You headbutt the ooze.
You kill the ooze!
No target in view!
No target in view!
No target in view!
No target in view!
No target in view!
No target in view!
No target in view!
No target in view!
No target in view!
No target in view!
No target in view!
No target in view!
No target in view!
No target in view!
No target in view!
No target in view!
No target in view!
No target in view!
No target in view!
No target in view!
No target in view!
No target in view!
No target in view!
No target in view!
No target in view!
No target in view!
No target in view!
No target in view!
No target in view!
No target in view!
o - a scroll labeled LAUPUACOGA
Found a stone staircase leading down.
A giant cockroach comes into view.
As you read the scroll labeled LAUPUACOGA, it crumbles to dust.
The creatures around you are filled with an inner flame!
It was a scroll of immolation.
All of the chunks of flesh in your inventory have rotted away.
Throwing (i - inventory. (/) - cycle)
h - 102 stones (quivered)
Press: ? - help, Shift-Dir - straight line, f - giant cockroach
Aim: a giant cockroach (clinging, inner flame)
You throw a stone.
The stone hits the giant cockroach but does no damage.
Throwing (i - inventory. (/) - cycle)
h - 101 stones (quivered)
Press: ? - help, Shift-Dir - straight line, f/p - giant cockroach
Aim: a giant cockroach (clinging, inner flame)
You throw a stone.
The stone barely misses the giant cockroach.
Throwing (i - inventory. (/) - cycle)
h - 100 stones (quivered)
Press: ? - help, Shift-Dir - straight line, f/p - giant cockroach
Aim: a giant cockroach (clinging, inner flame)
You throw a stone. The stone hits the giant cockroach.
The giant cockroach is moderately wounded.
The giant cockroach bites you but does no damage.
You hit the giant cockroach.
The giant cockroach is severely wounded.
The giant cockroach barely misses you.
You hit the giant cockroach.
The giant cockroach explodes!
The fiery explosion engulfs you!
Ouch! That really hurt!
You are engulfed in blazing flames.
Ouch! That really hurt!
You die...

## .# ################# ##### .#
.....§.§##......####.... .#
#@.............### .# ##
####........#### .###
.########.........### ...###
#..........####..#...###
.#...####...............>.###....
.###..##..............##....#####
.# ##.÷..................##.# #
.# ####..............#..##.# ##
#.................#.###.# #


There were no monsters in sight!

Vanquished Creatures
  An ooze (D:1)
  2 leopard geckos (D:1)
  2 giant cockroaches (D:1)
  A goblin (D:1)
  3 bats (D:1)
  A frilled lizard (D:1)
  3 rats (D:1)
13 creatures vanquished.

Notes
Turn   | Place    | Note
-------+----------+-------------------------------------------
     0 | D:1      | MisterOstroum the Demonspawn Archaeologist began the quest
                  | for the Orb.
     0 | D:1      | Reached XP level 1. HP: 15/15 MP: 1/1
   578 | D:1      | Gained mutation: You have a pair of small horns on your
                  | head. [demonic ancestry]
   578 | D:1      | Reached XP level 2. HP: 22/22 MP: 2/2
   828 | D:1      | Engulfed by a cloud of flame

Skill      XL: |  1 |
---------------+----+-----
Fighting       | 2 |  2.5
Dodging        | |  2.6
Stealth        | |  3.0

Action                   || total
-------------------------++-------
Melee: Unarmed           ||    47
       Hand axe          ||    12
       Headbutt          ||     1
Throw: Stone             ||    20
  Use: Scroll            ||     1
 Stab: Sleeping          ||     3
Armor: Leather armour    ||    20
       Robe              ||     1
       Ring mail         ||     3
Dodge: Dodged            ||    37
